 Dungeon Crawl Stone Soup version 0.14-a0-519-g334afa2 (webtiles) character file.

86 LostMyPassword the Stinger (level 3, -1/16 HPs)
             Began as a Spriggan Venom Mage on Nov 1, 2013.
             Slain by an adder (3 damage)
             ... on Level 3 of the Dungeon.
             The game lasted 00:12:46 (2151 turns).

LostMyPassword the Stinger (Spriggan Venom Mage)    Turns: 2151, Time: 00:12:46

HP  -1/16        AC  2     Str  4      XL: 3   Next: 53%
MP   1/10        EV 18     Int 17      God:
Gold 37          SH  0     Dex 16      Spells:  3 memorised,  2 levels left

Res.Fire  : . . .   See Invis. : +   l - +0,-3 dagger (curse)
Res.Cold  : . . .   Warding    : .   a - +0 robe
Life Prot.: . . .   Conserve   : .   (shield restricted)
Res.Poison: .       Res.Corr.  : .   (helmet restricted)
Res.Elec. : .       Clarity    : .   (no cloak)
Sust.Abil.: . .     Spirit.Shd : .   (gloves unavailable)
Res.Mut.  : .       Stasis     : .   (boots unavailable)
Res.Rott. : .       Flight     : .   (no amulet)
Saprovore : . . .                    (no ring)
                                     (no ring)

@: very slightly contaminated, very quick, slightly resistant to hostile
enchantments, stealthy
A: unfitting armour, see invisible, herbivore 3, speed 3, slow metabolism 2
a: no special abilities


You were on level 3 of the Dungeon.
You were not hungry.

You visited 1 branch of the dungeon, and saw 3 of its levels.

You collected 37 gold pieces.

Inventory:

Hand weapons
 d - a +2,+0 elven dagger
 l - a cursed +0,-3 dagger (weapon)
 n - a cursed -3,-3 dagger
Armour
 a - a +0 robe (worn)
Comestibles
 h - a lemon
Scrolls
 e - 2 scrolls of identify {unknown}
 f - 2 scrolls of random uselessness {unknown}
 g - 2 scrolls of enchant weapon II {unknown}
 j - a scroll of noise {unknown}
 k - a scroll of enchant armour {unknown}
 q - a scroll of amnesia {unknown}
 r - a scroll of curse weapon {unknown}
 s - a scroll of enchant weapon I {unknown}
Jewellery
 p - an uncursed ring of invisibility {unknown}
Potions
 c - a potion of porridge
 i - 2 potions of agility {unknown}
 m - a potion of curing {unknown}
 t - a potion of speed {unknown}
Books
 b - a Young Poisoner's Handbook

   Spells                             Type                      Level
   *Sting                             Conjuration/Poison           1
   *Cure Poison                       Poison                       2
   *Mephitic Cloud                    Conjuration/Poison/Air       3
   Olgreb's Toxic Radiance            Poison                       4
   Venom Bolt                         Conjuration/Poison           5
 o - a book of Summonings

   Spells                             Type                      Level
   Abjuration                         Summoning                    3
   Recall                             Summoning/Translocation      3
   Summon Elemental                   Summoning                    4
   Shadow Creatures                   Summoning                    5
   Summon Demon                       Summoning                    5
   Summon Ugly Thing                  Summoning                    6


   Skills:
 - Level 3.0 Dodging
 - Level 3.0 Stealth
 + Level 3.4 Spellcasting
 * Level 0.8 Conjurations
 - Level 4.2 Poison Magic


You had 2 spell levels left.
You knew the following spells:

 Your Spells              Type           Power        Failure   Level  Hunger
a - Sting                 Conj/Pois      ##..         10%         1    None
b - Cure Poison           Pois           ###.......   4%          2    ##.....
c - Mephitic Cloud        Conj/Pois/Air  #.......     24%         3    ###....


Dungeon Overview and Level Annotations

Branches:
Dungeon (3/27)

Altars:


Innate Abilities, Weirdness & Mutations

You are tiny and cannot use many weapons and most armour.
You have supernaturally acute eyesight.
You are a herbivore.
You cover ground extremely quickly.
You need consume almost no food.


Message History

You are poisoned.
The adder poisons you!
* * * LOW HITPOINT WARNING * * *
You feel sick.
* * * LOW HITPOINT WARNING * * *
You feel sick.
* * * LOW HITPOINT WARNING * * *
You feel sick.
* * * LOW HITPOINT WARNING * * *
You feel sick.
Casting: Sting
Confirm with . or Enter, or press ? or * to list all spells.
You feel better.
* * * LOW MAGIC WARNING * * *
The adder closely misses you. As you open the door, it creaks loudly!
A rat, an ooze and 3 orcs come into view.
The orc shouts!
The adder bites you.
You die...

. ######### ..
#.......# ..##.......#
. .....(.....# ...
..#........#### ....
##..........## ....J
#.......##..###..o.o..
#.......###.S@'.r.....
##.###### #####......o
#..# #+### ##.# #.##
#..# ####'#####
#........# +........#


You could see an ooze (wandering), an adder, 3 orcs and a rat.

Vanquished Creatures
  An adder (D:2)
  A worm (D:2)
  A giant gecko (D:2)
  An ooze (D:1)
  5 bats
  3 giant cockroaches (D:1)
  3 hobgoblins (D:1)
  A quokka (D:2)
  7 giant newts
  3 jackals (D:1)
  4 kobolds
  7 rats
37 creatures vanquished.

Notes
Turn   | Place    | Note
--------------------------------------------------------------
     0 | D:1      | LostMyPassword, the Spriggan Venom Mage, began the quest for the Orb.
     0 | D:1      | Reached XP level 1. HP: 9/9 MP: 4/4
   382 | D:1      | Reached XP level 2. HP: 11/13 MP: 7/7
   425 | D:1      | Learned a level 2 spell: Cure Poison
  1435 | D:2      | Reached XP level 3. HP: 16/16 MP: 0/10
  1515 | D:2      | Learned a level 3 spell: Mephitic Cloud
  2151 | D:3      | Slain by an adder

Action                   || total
-------------------------++-------
Melee: Dagger            ||    42
       Unarmed           ||     9
 Cast: Sting             ||   101
       Cure Poison       ||     2
